 Dungeon Crawl Stone Soup version 0.31-a0-1074-g0b22e4e0f1 (webtiles) character file.

Game seed: 8512593784710557730

65 BigPumpCobain the Ruffian (level 3, -2/35 HPs)
             Began as a Troll Shapeshifter on Dec 4, 2023.
             Slain by a gnoll
             ... wielding a +0 flail
              (11 damage)
             ... on level 3 of the Dungeon.
             The game lasted 00:01:44 (1328 turns).

BigPumpCobain the Ruffian (Troll Shapeshifter)      Turns: 1328, Time: 00:01:45

Health: -2/35      AC:  4    Str: 24    XL:     3   Next: 94%
Magic:  2/2        EV:  9    Int:  6    God:
Gold:   178        SH:  0    Dex:  9    Spells: 2/2 levels left

rFire   . .          .
                       - Unarmed
rCold   . . .        (no shield)
rNeg    . . .        a - +0 animal skin
rPois   .            (helmet currently unavailable)
rElec   .            (cloak currently unavailable)
rCorr   .            (gloves unavailable)
SInv    .            (boots unavailable)
Will    .....        (no amulet)
Stlth   +            (no ring)
HPRegen 1.05/turn    (no ring)
MPRegen 0.08/turn

%: no passive effects
@: beast-form
A: beast (slay +2), large, unfitting armour, claws 3, regeneration 1, shaggy fur
1, tough skin 1
a: Begin Untransformation


You were on level 3 of the Dungeon.
You were a hulking beast.
You visited 1 branch of the dungeon, and saw 3 of its levels.

You collected 178 gold pieces.

Inventory:

Armour
 a - a +0 animal skin (worn)
Talismans
 c - a beast talisman
 d - a flux talisman
Scrolls
 e - 2 scrolls of enchant armour {unknown}
 f - 2 scrolls of teleportation {unknown}
 g - a scroll of noise {unknown}
 h - 2 scrolls of blinking {unknown}
 m - a scroll of vulnerability {unknown}
 n - a scroll of immolation {unknown}
Potions
 b - 2 potions of lignification
 i - a potion of brilliance {unknown}
 j - a potion of might {unknown}
 k - a potion of heal wounds {unknown}
 l - 2 potions of curing {unknown}
 o - a potion of mutation {unknown}


   Skills:
 + Level 1.9 Fighting
 - Level 1.5 Dodging
 + Level 3.6 Unarmed Combat
 + Level 3.5 Shapeshifting


You had 2 spell levels left.
You didn't know any spells.
Your spell library contained the following spells:

 Spells                   Type           Power      Damage    Failure   Level
 Blink                    Tloc           0%         N/A       58%         2
 Manifold Assault         Tloc           0%         N/A       99%         4


Dungeon Overview and Level Annotations

Branches:
Dungeon (3/15)

Altars:
Cheibriados

Shops:
D:1 (


Innate Abilities, Weirdness & Mutations

You are a hulking beast.
Your limbs bulge with bestial killing power. (Slay +2)
You are too large for most types of armour.
You have claws for hands.
Your natural rate of healing is unusually fast.
You are covered in fur. (AC +1)
You have tough skin. (AC +1)


Message History

No target in view!
No target in view!
You now have 178 gold pieces (gained 14).
A gnoll comes into view. It is wielding a +0 flail.
A gnoll comes into view. It is wielding a +0 spear.
The gnoll shouts!
A gnoll comes into view. It is wielding a +0 spear.
The gnoll hits you with a +0 flail!
You claw the gnoll!
The gnoll is almost dead.
The gnoll hits you from afar with a +0 spear.
The gnoll hits you with a +0 flail.
You are too injured to fight recklessly!
You are too injured to fight recklessly!
You are too injured to fight recklessly!
You are too injured to fight recklessly!
You are too injured to fight recklessly!
You are too injured to fight recklessly!
You are too injured to fight recklessly!
You are too injured to fight recklessly!
You are too injured to fight recklessly!
You are too injured to fight recklessly!
You are too injured to fight recklessly!
You are too injured to fight recklessly!
You are too injured to fight recklessly!
You are too injured to fight recklessly!
You are too injured to fight recklessly!
You are too injured to fight recklessly!
You are too injured to fight recklessly!
You are too injured to fight recklessly!
You are too injured to fight recklessly!
You barely miss the gnoll.
The gnoll is almost dead.
The gnoll hits you from afar with a +0 spear.
The gnoll hits you with a +0 flail.
* * * LOW HITPOINT WARNING * * *
You closely miss the gnoll.
The gnoll is severely wounded.
The gnoll closely misses you. The gnoll hits you with a +0 flail!
You die...

#########
#.......#
#.#####.#
#.#...#.#
#.#.#...#
#.#####.#.#######
#.gggh..#.......#
###############.#
#..###.(..#
#...##### ###.#
#.# #.# #.#
#.##########


You could see 3 gnolls.

Vanquished Creatures
  A gnoll (D:1)
  An adder (D:3)
  An orc (D:3)
  6 ball pythons (D:2)
  4 bats (D:1)
  6 endoplasms
  3 giant cockroaches
  5 goblins
  2 hobgoblins
  2 quokkas (D:1)
  3 frilled lizards
  4 kobolds
  A rat (D:3)
39 creatures vanquished.

Notes
Turn   | Place    | Note
-------+----------+-------------------------------------------
     0 | D:1      | BigPumpCobain the Troll Shapeshifter began the quest for
                  | the Orb.
     0 | D:1      | Reached XP level 1. HP: 18/18 MP: 0/0
    80 | D:1      | Reached skill level 1 in Fighting
   146 | D:1      | Reached XP level 2. HP: 24/27 MP: 1/1
   509 | D:1      | Reached XP level 3. HP: 33/33 MP: 2/2
   511 | D:1      | Found Zese Zef's Weapon Boutique.
   739 | D:2      | Found a faded altar of an unknown god.
  1221 | D:3      | Found a snail-covered altar of Cheibriados.
  1328 | D:3      | Slain by a gnoll

Illustrated notes

Levels and vault maps discovered:
D:1:      dpeg_arrival_round_a, layout_basic, serial_shops, shop,
          minmay_tetromino_s4
D:2:      layout_rooms, nicolae_ecumenical_snake_handling
D:3:      layout_loops_ring, cheibriados_altar_1, serial_shops,
          nicolae_shop_hallway_stairs, shop, patterned_corridor

Skill      XL: |  1 |
---------------+----+-----
Fighting       | 1 |  1.9
Dodging        | |  1.5
Unarmed Combat | |  3.6
Shapeshifting  | |  3.5

Action                     || total
---------------------------++-------
  Melee: Unarmed           ||    70
         Punch             ||     2
   Stab: Distracted        ||     1
         Sleeping          ||     1
 Armour: Animal skin       ||    53
  Dodge: Dodged            ||    30

Table legend: (Time is in decaauts)
 A = Elapsed time spent in this place.
 B = Non-inter-level travel time spent in this place.
 C = Inter-level travel time spent in this place.
 D = Time resting spent in this place.
 E = Time spent auto-exploring this place.
 F = Levels seen in this place.
 G = Mean time per level.
                   A        B        C        D        E       F      G
               +--------+--------+--------+--------+--------+-----+--------+
         Total |   1323 |   1268 |     55 |      0 |   1068 |   3 |  441.0 |
       Dungeon |   1323 |   1268 |     55 |      0 |   1068 |   3 |  441.0 |
               +--------+--------+--------+--------+--------+-----+--------+

Top non-repeatable levels by time:
     D:1: 721 daAuts
     D:2: 486 daAuts
     D:3: 115 daAuts
